 Dungeon Crawl Stone Soup version 0.25.0 (webtiles) character file.

Game seed: 12869257357004324728

27 Anorak87 the Charmwright (level 3, 0/28 HPs)
             Began as a Merfolk Skald on June 12, 2020.
             Was an Initiate of the Shining One.
             Succumbed to an adder's poison
             ... on level 2 of the Dungeon.
             The game lasted 00:07:23 (1218 turns).

Anorak87 the Charmwright (Merfolk Skald)            Turns: 1218, Time: 00:07:23

Health: 0/28       AC:  6    Str: 12    XL:     3   Next: 10%
Magic:  6/6        EV: 10    Int: 12    God:    the Shining One [......]
Gold:   70         SH:  0    Dex: 13    Spells: 5/6 levels left

rFire    . . .     SeeInvis .   a - +0 spear
rCold    . . .     Gourm    .   (no shield)
rNeg     . . .     Faith    .   g - +0 scale mail
rPois    .         Spirit   .   (no helmet)
rElec    .         Reflect  .   (no cloak)
rCorr    .         Harm     .   (no gloves)
MR       .....                  (no boots)
Stlth    ..........             (no amulet)
HPRegen  0.09/turn              (no ring)
MPRegen  0.10/turn              (no ring)

@: brilliant, lethally poisoned (0 -> -3), glowing
A: change form in water, swift swim, stealthy swim
a: Renounce Religion


You were on level 2 of the Dungeon.
You worshipped the Shining One.
The Shining One was noncommittal.
You were very hungry.

You visited 1 branch of the dungeon, and saw 2 of its levels.

You collected 70 gold pieces.

Inventory:

Hand Weapons
 a - a +0 spear (weapon)
 h - a +0 hand axe
 o - a +0 dagger
 q - a +0 quarterstaff
Armour
 b - a +0 leather armour
 e - a +0 ring mail
 g - a +0 scale mail (worn)
 i - a +0 pair of gloves
Scrolls
 f - 2 scrolls of teleportation {unknown}
 p - a scroll of magic mapping {unknown}
 r - a scroll of remove curse {unknown}
Potions
 l - a potion of berserk rage {unknown}
 m - a potion of cancellation {unknown}
 n - 2 potions of lignification {unknown}
Comestibles
 d - 2 rations


   Skills:
 + Level 2.5 Fighting
 + Level 3.5 Polearms
 + Level 1.0 Armour
 + Level 2.8 Dodging
 + Level 2.3 Spellcasting
 + Level 3.5 Charms


You had 5 spell levels left.
You knew the following spells:

 Your Spells              Type           Power        Failure   Level  Hunger
a - Infusion              Chrm           ##..         32%         1    None

Your spell library contained the following spells:

 Spells                   Type           Power        Failure   Level  Hunger
 Song of Slaying          Chrm           ##......     45%         2    None
 Shroud of Golubria       Chrm/Tloc      #.....       71%         2    None
 Ozocubu's Armour         Chrm/Ice       #.......     90%         3    None
 Spectral Weapon          Hex/Chrm       #.......     90%         3    None


Dungeon Overview and Level Annotations

Branches:
Dungeon (2/15)

Altars:
The Shining One


Message History

It was a potion of brilliance.
You feel clever all of a sudden. The adder closely misses you.
The adder bites you but does no damage.
* * * LOW HITPOINT WARNING * * *
You feel sick. The dart slug barely misses you.
The adder bites you but does no damage.
It was a potion of magic.
Magic courses through your body. The adder misses you.
The dart slug launches a dart at you. The slug dart misses you.
* * * LOW HITPOINT WARNING * * *
You feel sick.
As you read the scroll labeled IMIXZA FYDIFE, it crumbles to dust.
You experience a momentary feeling of inescapable doom!
It was a scroll of random uselessness.
The adder bites you.
* * * LOW HITPOINT WARNING * * *
The adder barely misses you. The adder bites you.
* * * LOW HITPOINT WARNING * * *
You die...

#.# ..# ...# ### ...#
#. ...# ###.#### ...# #
......######...##)# ###
#.##.#............
....##.....@.w.........
#.....##.#..S.$.......
#.##.##.#####.....#.#
#.......# #.###.#
####..### #.# # ##.#
#.# #.# #..
############.# ###
....##...†...#


You could see an adder and a dart slug.

Vanquished Creatures
  3 goblins (D:1)
  3 hobgoblins (D:1)
  3 jackals (D:1)
  A bat (D:1)
  4 frilled lizards
  5 kobolds (D:1)
  8 rats
27 creatures vanquished.

Notes
Turn   | Place    | Note
-------+----------+-------------------------------------------
     0 | D:1      | Anorak87 the Merfolk Skald began the quest for the Orb.
     0 | D:1      | Reached XP level 1. HP: 16/16 MP: 3/3
   413 | D:1      | Reached XP level 2. HP: 21/22 MP: 5/5
   566 | D:1      | Found a glowing golden altar of the Shining One.
   646 | D:1      | Became a worshipper of the Shining One
  1001 | D:1      | Reached skill level 1 in Armour
  1003 | D:1      | Reached XP level 3. HP: 27/28 MP: 6/6
  1217 | D:2      | HP: 1/28 [adder (2)]
  1218 | D:2      | Succumbed to an adder's poison

Illustrated notes

Levels and vault maps discovered:
D:1:      co_arrival_square_in_a_square_in_a_square, layout_loops_ring,
          tso_metal_star
D:2:      layout_loops_cross, first_ration

Skill      XL: |  1  2 |
---------------+-------+-----
Armour         | 1 |  1.0
Fighting       | |  2.5
Polearms       | |  3.5
Dodging        | |  2.8
Spellcasting   | |  2.3
Charms         | |  3.5

Action                   || total
-------------------------++-------
Melee: Spear             ||   107
  Use: Potion            ||     2
       Scroll            ||     1
Armor: Ring mail         ||     7
       Scale mail        ||    41
Dodge: Dodged            ||    47
